 Dungeon Crawl Stone Soup version 0.21.1-1-g345015f (webtiles) character file.

119 wojtek the Chopper (level 4, 0/39 HPs)
             Began as a Minotaur Fighter on July 15, 2018.
             Slain by Rwicked's ghost (1 damage)
             ... on level 3 of the Dungeon.
             The game lasted 00:02:20 (1874 turns).

wojtek the Chopper (Minotaur Fighter)               Turns: 1874, Time: 00:02:21

Health: 0/39       AC: 10    Str: 22    XL:     4   Next: 74%
Magic:  3/3        EV:  5    Int:  5    God:
Gold:   154        SH:  9    Dex:  9    Spells: 3/3 levels left

rFire    . . .     SeeInvis .   a - +0 war axe
rCold    . . .     Gourm    .   c - +0 shield
rNeg     . . .     Faith    .   s - +0 chain mail (curse)
rPois    .         Spirit   .   (helmet restricted)
rElec    .         Reflect  .   (no cloak)
rCorr    .         Harm     .   i - +0 pair of gloves
MR       .....                  (no boots)
Stlth    ..........             (no amulet)
HPRegen  0.13/turn              (no ring)
MPRegen  0.08/turn              (no ring)

@: no status effects
A: retaliatory headbutt, horns 2
a: no special abilities


You were on level 3 of the Dungeon.
You were not hungry.

You visited 1 branch of the dungeon, and saw 3 of its levels.

You collected 154 gold pieces.

Inventory:

Hand Weapons
 a - a +0 war axe (weapon)
 h - a +2 hand axe of chopping
Armour
 c - a +0 shield (worn)
 i - a +0 pair of gloves (worn)
 s - a cursed +0 chain mail (worn)
Scrolls
 e - a scroll of amnesia {unknown}
 g - a scroll of noise {unknown}
 j - 2 scrolls of remove curse {unknown}
 o - a scroll of immolation {unknown}
 p - 2 scrolls of identify {unknown}
 r - a scroll of teleportation {unknown}
Potions
 d - a potion of might
 k - a potion of heal wounds {unknown}
 l - a potion of flight {unknown}
 m - a potion of mutation {unknown}
 n - a potion of agility {unknown}
Comestibles
 f - 5 rations
 q - 4 chunks of flesh


   Skills:
 - Level 3.6 Fighting
 + Level 6.1 Axes
 - Level 3.6 Armour
 - Level 3.6 Shields


You had 3 spell levels left.
You didn't know any spells.

Dungeon Overview and Level Annotations

Branches:
Dungeon (3/15)

Altars:
Okawaru

Annotations:
D:3 Rwicked's ghost, amateur GnFE


Innate Abilities, Weirdness & Mutations

You reflexively headbutt those who attack you in melee.
You have a pair of horns on your head.


Message History

The flame tongue hits you!
Rwicked's ghost points at you and mumbles some strange words.
The puff of flame hits you!
* * * LOW HITPOINT WARNING * * *
You miss Rwicked's ghost.
Rwicked's ghost is lightly damaged.
You block Rwicked's ghost's attack.
You closely miss Rwicked's ghost. Your headbutt misses Rwicked's ghost.
Rwicked's ghost is lightly damaged.
Rwicked's ghost barely misses you.
You closely miss Rwicked's ghost.
Rwicked's ghost is lightly damaged.
Rwicked's ghost hits you but does no damage.
Rwicked's ghost hits you.
* * * LOW HITPOINT WARNING * * *
Your shield and chain mail prevent you from hitting Rwicked's ghost.
Your headbutt misses Rwicked's ghost.
Rwicked's ghost is lightly damaged.
Rwicked's ghost hits you.
You die...

.. ##...##.# ##
###...###.....#.
..............##
...............#
.............### #...#
#.....#.. #...#
#...##.#
#.W.#####...#.#
#.@.........).#
#....###.###..#####
#....# #.# #()(()(.
##.#.###'###.#.####
###.....'_###...#
####.....###'###...#
####(.......# #.# #.#.#
#...........###.###..<#
#.##.##.##............#


You could see Rwicked's ghost.

Vanquished Creatures
  3 gnolls (D:2)
  An adder (D:2)
  An ooze (D:3)
  4 dart slugs
  6 orcs (D:3)
  7 bats
  3 giant cockroaches (D:2)
  9 goblins
  6 hobgoblins
  4 jackals
  2 frilled lizards
  8 kobolds
  8 rats
62 creatures vanquished.

Vanquished Creatures (others)
  4 toadstools (D:1)
4 creatures vanquished.

Grand Total: 66 creatures vanquished

Notes
Turn   | Place    | Note
-------+----------+-------------------------------------------
     0 | D:1      | wojtek the Minotaur Fighter began the quest for the Orb.
     0 | D:1      | Reached XP level 1. HP: 19/19 MP: 0/0
   129 | D:1      | Reached skill level 3 in Axes
   158 | D:1      | Reached XP level 2. HP: 25/26 MP: 1/1
   644 | D:1      | Reached skill level 4 in Axes
   758 | D:1      | Reached XP level 3. HP: 29/31 MP: 2/2
  1060 | D:2      | Reached skill level 5 in Axes
  1158 | D:2      | Reached XP level 4. HP: 39/39 MP: 3/3
  1664 | D:3      | Reached skill level 6 in Axes
  1705 | D:3      | Found an iron altar of Okawaru.
  1855 | D:3      | Noticed Rwicked's ghost (amateur GnFE)
  1873 | D:3      | HP: 1/39 [Rwicked's ghost (3)]
  1874 | D:3      | Slain by Rwicked's ghost

Skill      XL: |  1  2  3  4 |
---------------+-------------+-----
Axes           | 3 4 5 6 |  6.1
Fighting       | |  3.6
Armour         | |  3.6
Shields        | |  3.6

Action                   |  1- 3 |  4- 6 || total
-------------------------+-------+-------++-------
Melee: War axe           |    85 |    73 ||   158
       Headbutt          |    11 |     7 ||    18
  Eat: Chunk             |     1 |     2 ||     3
Armor: Scale mail        |    52 |    30 ||    82
       Chain mail        |       |     6 ||     6
Dodge: Dodged            |    28 |    18 ||    46
Block: Shield            |    40 |    35 ||    75
